Map: Ruins of Endion

Players

Pokebunny

  • Race: Terran Terran
  • League: Grandmaster

Patco - Winner!

  • Race: Protoss Protoss
  • League: Grandmaster

VOD

Have the link to the VOD?

Description

Time

  • Played on: April 4, 2016, 4:08 p.m.
  • Length: 2:48
Show
View Real Time Build Order
Export as new Build Order

Pokebunny Terran 

Build Orders:  

Get SALT Encoding   

  12  0:01  SCV  
  13  0:13  SCV  
  14  0:17  Supply Depot  
  14  0:25  SCV  
  15  0:39  Barracks, SCV  
  16  0:45  Refinery  
  16  0:51  SCV  
  17  1:03  SCV  
  18  1:15  SCV  
  19  1:28  Marine  
  19  1:32  Bunker  
  20  1:33  Orbital Command  
  20  1:38  Bunker  
  20  1:46  Marine  
  21  2:00  SCV  
  22  2:01  Supply Depot  
  22  2:04  Marine  
  23  2:16  SCV  
  23  2:23  Marine  
Show
View Real Time Build Order
Export as new Build Order

Patco Protoss - Winner!

Build Orders: Cannon Rush 

Get SALT Encoding   

  12  0:00  Probe (Chrono Boost)  
  13  0:14  Pylon  
  13  0:18  Probe (Chrono Boost)  
  14  0:29  Probe (Chrono Boost)  
  15  0:35  Forge  
  15  0:40  Probe (Chrono Boost)  
  16  0:53  Pylon  
  16  0:56  Probe (Chrono Boost)  
  17  1:12  Photon Cannon  
  17  1:26  Pylon  
  17  1:44  Photon Cannon  
  17  1:46  Photon Cannon  
  17  1:47  Photon Cannon  
  17  1:55  Photon Cannon  
  17  2:03  Photon Cannon  
  17  2:06  Photon Cannon  
  17  2:18  Photon Cannon  
  17  2:28  Photon Cannon  
  16  2:37  Photon Cannon  
Tags
 
Add a new tag
Caveats
  • Supply blocks, unpowered buildings, or Contaminate may cause inaccurate times.
  • Supply counts are checked every 10 seconds.